 Dungeon Crawl Stone Soup version 0.18.1-50-g88ac8fd (webtiles) character file.

14 HulkNorris the Conjurer (level 2, 0/15 HPs)
             Began as a Tengu Conjurer on Jan 18, 2017.
             Slain by a giant gecko (2 damage)
             ... on level 2 of the Dungeon.
             The game lasted 00:10:08 (832 turns).

HulkNorris the Conjurer (Tengu Conjurer)             Turns: 832, Time: 00:10:08

Health: 0/15       AC:  4    Str:  8    XL:     2   Next: 45%
Magic:  2/6        EV: 12    Int: 15    God:
Gold:   46         SH:  0    Dex: 14    Spells: 1 memorised, 4 levels left

rFire  . . .     SeeInvis .     e - +0 dagger
rCold  . . .     Gourm    .     a - +0 robe
rNeg   . . .     Faith    .     (no shield)
rPois  .         Spirit   .     (helmet restricted)
rElec  .         Dismiss  .     j - +0 cloak
rCorr  .         Reflect  .     g - +0 pair of gloves
SustAt .         Harm     .     (boots unavailable)
MR     .....                    (no amulet)
Stlth  ++........               (no ring)
                                (no ring)

@: not resistant to hostile enchantments, unstealthy
A: beak, talons 3
a: no special abilities


You were on level 2 of the Dungeon.
You were not hungry.

You visited 1 branch of the dungeon, and saw 2 of its levels.

You collected 46 gold pieces.

Inventory:

Hand Weapons
 e - a +0 dagger (weapon)
 h - a +0 club
 l - a +0 club
 p - a cursed -2 club
Missiles
 k - 66 stones
 u - 13 poisoned needles (quivered)
Armour
 a - a +0 robe (worn)
 g - a +0 pair of gloves (worn)
 j - a +0 cloak (worn)
 m - a +0 robe
Jewellery
 o - an uncursed ring of sustain attributes {unknown}
Wands
 v - a wand of iceblast (6/15)
Scrolls
 d - a scroll of enchant armour {unknown}
 r - a scroll of identify {unknown}
 x - a scroll of blinking {unknown}
 y - a scroll of remove curse {unknown}
Potions
 i - 2 potions of brilliance {unknown}
 q - a potion of curing {unknown}
 w - a potion of magic {unknown}
Books
 b - a book of Conjurations

   Spells                             Type                      Level
   a - Magic Dart                     Conjuration                  1
   b - Searing Ray                    Conjuration                  2
   c - Dazzling Spray                 Conjuration/Hexes            3
   d - Fulminant Prism                Conjuration/Hexes            4
   e - Iskenderun's Mystic Blast      Conjuration                  4
   f - Iskenderun's Battlesphere      Conjuration/Charms           5
Comestibles
 c - a bread ration
 f - a slice of pizza
 s - a meat ration
 t - 4 chunks of flesh


   Skills:
 + Level 2.3 Dodging
 + Level 2.1 Stealth
 + Level 2.0 Spellcasting
 + Level 5.9 Conjurations


You had 4 spell levels left.
You knew the following spells:

 Your Spells              Type           Power        Failure   Level  Hunger
a - Magic Dart            Conj           ###.         1%          1    #......


Dungeon Overview and Level Annotations

Branches:
Dungeon (2/15)

Altars:


Innate Abilities, Weirdness & Mutations

You have a beak for a mouth.
You have claws for feet.


Message History

Press: ? - help, Shift-Dir - straight line, f/p - giant gecko
Aim: a giant gecko You toss away a poisoned needle.
The poisoned needle barely misses the giant gecko.
The giant gecko closely misses you.
Tossing away (i - inventory. (,) - cycle):
u - 14 poisoned needles (quivered)
Press: ? - help, Shift-Dir - straight line, f/p - giant gecko
Aim: a giant gecko You toss away a poisoned needle.
The poisoned needle misses the giant gecko.
The poisoned needle closely misses the adder.
The giant gecko barely misses you.
The giant gecko bites you but does no damage.
The adder closely misses you.
A giant cockroach comes into view.
The giant gecko hisses menacingly.
The giant gecko bites you.
* * * LOW HITPOINT WARNING * * *
The giant gecko bites you.
You die...

...........#_#.
..........#.. #.
........... .#..
#........#
....####.........
(...(...#÷..#####
............#
...........####
.........@....#
#....w.Sl.##....
.#(.....(..# ##.
.......K...##
...###......#
........†...#
.####s...).##
#......#
...#......


You could see a worm, an adder, a giant gecko, a giant cockroach (wandering) and
a kobold.

Vanquished Creatures
  A worm (D:2)
  4 goblins
  A hobgoblin (D:1)
  2 jackals (D:2)
  A giant newt (D:1)
  2 rats
11 creatures vanquished.

Notes
Turn   | Place    | Note
--------------------------------------------------------------
     0 | D:1      | HulkNorris the Tengu Conjurer began the quest for the Orb.
     0 | D:1      | Reached XP level 1. HP: 10/10 MP: 4/4
   775 | D:2      | Found a faded altar to an unknown god.
   782 | D:2      | Reached XP level 2. HP: 12/15 MP: 3/6
   832 | D:2      | Slain by a giant gecko

Action                   || total
-------------------------++-------
Melee: Dagger            ||     2
Throw: Javelin           ||     4
 Cast: Magic Dart        ||    15
Evoke: Wand              ||     1
Armor: Robe              ||     5
Dodge: Dodged            ||     5
